 Dungeon Crawl Stone Soup version 0.18.1-48-g4cf74bf (webtiles) character file.

33068 raph the Impaler (level 13, 0/116 HPs)
             Began as a Merfolk Ice Elementalist on July 3, 2016.
             Was the Champion of Okawaru.
             Slain by a blink frog (18 damage)
             ... on level 5 of the Lair of Beasts on July 4, 2016.
             The game lasted 01:00:30 (21604 turns).

raph the Impaler (Merfolk Ice Elementalist)        Turns: 21604, Time: 01:00:32

Health: 0/116      AC: 20    Str: 13    XL:     13   Next: 68%
Magic:  9/19       EV: 19    Int: 15    God:    Okawaru [******]
Gold:   395        SH:  0    Dex: 16    Spells: 5 memorised, 6 levels left

rFire  . . .     SeeInvis .     a - +7 spear
rCold  . . .     Gourm    .     F - +1 leather armour of Udyss {rElec}
rNeg   . . .     Faith    .     (no shield)
rPois  .         Spirit   .     (no helmet)
rElec  +         Dismiss  .     S - +2 cloak {+Inv}
rCorr  .         Reflect  .     i - +1 pair of gloves of Insatiable Hunger {Dex+2}
SustAt +         Harm     .     (no boots)
MR     .....                    O - amulet of Vitality {Regen+ HP+15}
Stlth  ++........               D - +3 ring of protection
                                l - ring of sustain attributes

@: lethally poisoned (0 -> 0), icy armour (expiring), slow, not resistant to
hostile enchantments, unstealthy
A: change form in water, swift swim
a: Heroism, Finesse, Renounce Religion, Evoke Invisibility


You were on level 5 of the Lair of Beasts.
You worshipped Okawaru.
Okawaru was exalted by your worship.
You were not hungry.

You visited 3 branches of the dungeon, and saw 17 of its levels.

You collected 950 gold pieces.
You spent 555 gold pieces at shops.

Inventory:

Hand Weapons
 a - a +7 spear (weapon)
 b - the +3 quarterstaff of Sorud {freeze, -Tele rPois Int+4 Stlth+}
   (You took it off an orc on level 9 of the Dungeon)

   It has been specially enchanted to freeze those struck by it, causing extra
   injury to most foes and up to half again as much damage against particularly
   susceptible opponents.
   It can also slow down cold-blooded creatures.
   It affects your intelligence (+4).
   It protects you from poison.
   It prevents most forms of teleportation.
   It makes you more stealthy.
 v - a +2 halberd of freezing
 E - a +2 halberd of chopping
 J - a +1 trident of venom
Missiles
 x - 6 tomahawks (quivered)
Armour
 i - the +1 pair of gloves of Insatiable Hunger (worn) {Dex+2}
   (Okawaru gifted it to you on level 10 of the Dungeon)

   It affects your dexterity (+2).
 u - a +2 robe of cold resistance
 F - the +1 leather armour of Udyss (worn) {rElec}
   (You found it on level 8 of the Dungeon)

   It insulates you from electricity.
 S - a +2 cloak of invisibility (worn)
Rods
 f - a +0 rod of clouds (9/9)
   (You found it on level 3 of the Lair of Beasts)
Jewellery
 l - a ring of sustain attributes (left hand)
 D - a +3 ring of protection (right hand)
 O - the amulet of Vitality (around neck) {Regen+ HP+15}
   (You bought it in a shop on level 7 of the Dungeon)

   [amulet of regeneration]

   It affects your health (+15).
   It increases your rate of regeneration.
Wands
 h - a wand of heal wounds (0/9)
 j - a wand of polymorph (13/24)
 r - a wand of polymorph (14/24)
 z - a wand of iceblast (5/15)
 A - a wand of enslavement (12/24)
 B - a wand of flame (25/48)
 C - a wand of paralysis (11/24)
 G - a wand of lightning (11/15)
 L - a wand of lightning (7/15)
 R - a wand of random effects (25/48)
 U - a wand of teleportation (4/9)
 X - a wand of teleportation (5/9)
Scrolls
 d - 14 scrolls of identify
 o - 4 scrolls of remove curse
 w - 3 scrolls of fog
 y - 4 scrolls of teleportation
 H - 3 scrolls of amnesia
 I - 2 scrolls of blinking
 N - a scroll of enchant armour
Potions
 e - a potion of lignification
 g - 2 potions of haste
 m - 5 potions of curing
 q - a potion of ambrosia
 P - 2 potions of resistance
 Q - 2 potions of brilliance
 T - 5 potions of heal wounds
 W - a potion of invisibility {unknown}
Books
 K - a book of Frost

   Spells                             Type                      Level
   a - Freeze                         Ice                          1
   b - Throw Frost                    Conjuration/Ice              2
   c - Ozocubu's Armour               Charms/Ice                   3
   d - Throw Icicle                   Conjuration/Ice              4
   e - Summon Ice Beast               Ice/Summoning                4
 M - a book of Beasts

   Spells                             Type                      Level
   a - Summon Butterflies             Summoning                    1
   b - Call Canine Familiar           Summoning                    3
   c - Summon Ice Beast               Ice/Summoning                4
   d - Summon Mana Viper              Hexes/Summoning              5
   e - Summon Hydra                   Summoning                    7
Comestibles
 c - 8 bread rations
 k - 9 meat rations
 n - 32 fruits
 p - 2 royal jellies
 s - a chunk of flesh


   Skills:
 + Level 9.0 Fighting
 + Level 16.2 Polearms
 - Level 3.7 Armour
 + Level 11.1 Dodging
 - Level 2.5 Stealth
 - Level 4.3 Spellcasting
 - Level 4.1 Conjurations
 - Level 5.0 Charms
 - Level 2.7 Summonings
 - Level 11.0 Ice Magic
 - Level 7.5 Invocations
 * Level 2.6 Evocations


You had 6 spell levels left.
You knew the following spells:

 Your Spells              Type           Power        Failure   Level  Hunger
a - Freeze                Ice            ####         1%          1    None
b - Throw Frost           Conj/Ice       ####..       1%          2    ##.....
c - Ozocubu's Armour      Chrm/Ice       ####....     2%          3    ###....
d - Throw Icicle          Conj/Ice       ####....     12%         4    ####...
e - Summon Ice Beast      Ice/Summ       ###.....     17%         4    ####...


Dungeon Overview and Level Annotations

Branches:
Dungeon (11/15)            Temple (1/1) D:4            Lair (5/8) D:11
  Swamp (0/4) Lair:3       Spider (0/4) Lair:3
    Orc: D:9-12

Altars:
Ashenzari
Cheibriados
Dithmenos
Elyvilon
Fedhas
Gozag
Kikubaaqudgha
Makhleb
Nemelex Xobeh
Okawaru
Pakellas
Qazlal
Ru
Sif Muna
Trog
Vehumet
Xom
Yredelemnul
Zin
The Shining One

Shops:
D:7 =   D:10 }


Message History

Some of the chunks of flesh in your inventory have rotted away.
Casting: Throw Frost
Confirm with . or Enter, or press ? or * to list all spells.
Aiming: Throw Frost
Press: ? - help, Shift-Dir - straight line, f/p - blink frog
Aim: a blink frog (moderately wounded)
The puff of frost hits the blink frog.
The blink frog is heavily wounded.
Your icy armour starts to melt.
You feel sick. The blink frog hits you!
* * * LOW HITPOINT WARNING * * *
Casting: Throw Frost
Confirm with . or Enter, or press ? or * to list all spells.
Aiming: Freeze
Press: ? - help, Shift-Dir - straight line, f/p - blink frog
Aim: a blink frog (heavily wounded)
You freeze the blink frog.
The blink frog is severely wounded.
The blink frog hits you!!
You die...

#......# ##.#. ..#
#⌠.<.⌠...P...... ...
#............... ....
#....# ......... # #..#
#....## .##...#. #..
..###.....###.....#.
....##.#.#.....#..##...#
......!F.....#.#.......+
...⌠...@.#.⌠.#.'...⌠....
.........#.....#........
.###...#.#.........#.#..
.....##......##.....##
##.### #...###.#..####.
#. ##...#.......... .
................ .
..⌠.>.⌠#.........
.%......#........


You could see a blink frog.

Vanquished Creatures
  Maud (Lair:5)
  2 hydras
  A death yak (Lair:3)
  Nergalle (D:10)
  2 ugly things (D:11)
  A griffon (Lair:4)
  A manticore (D:11)
  3 black mambas
  A gargoyle (D:11)
  Joseph (D:8)
  A torpor snail (Lair:4)
  9 spiny frogs
  6 komodo dragons
  2 rime drakes
  A jumping spider (Lair:3)
  6 trolls
  2 two-headed ogres (D:8)
  Prince Ribbit (D:7)
  10 blink frogs
  Sigmund (D:4)
  2 wyverns
  2 hippogriffs
  35 yaks
  2 hungry ghosts (D:11)
  A soldier ant (D:11)
  6 swamp worms (Lair:3)
  5 water moccasins
  10 porcupines
  3 orc warriors
  4 ice beasts
  2 phantoms
  2 black bears
  A wasp (D:10)
  4 sky beasts
  8 ogres
  5 wolves (Lair:3)
  9 centaurs
  10 crocodiles
  4 big kobolds
  13 giant frogs
  A wyvern zombie (D:8)
  2 scorpions (D:11)
  7 killer bees
  A howler monkey (D:4)
  5 wights (D:7)
  5 electric eels
  6 crimson imps
  5 jellies
  3 giant frog zombies
  7 hounds
  2 centaur skeletons
  A gnoll shaman (D:4)
  5 orc priests
  4 giant frog skeletons
  14 iguanas
  9 orc wizards
  8 worker ants
  8 sheep
  A killer bee zombie (D:8)
  2 hound zombies
  A hound skeleton (D:3)
  A howler monkey zombie (D:8)
  A worker ant zombie (D:8)
  A howler monkey skeleton (D:11)
  22 gnolls
  10 adders
  54 river rats
  3 shadow imps
  2 oozes
  An adder skeleton (D:7)
  7 worms
  3 dart slugs
  7 giant geckos
  44 orcs
  10 bats
  6 giant cockroaches
  8 goblins
  4 hobgoblins
  6 quokkas
  8 giant newts
  8 kobolds
  A quokka skeleton (D:10)
  4 rats
489 creatures vanquished.

Vanquished Creatures (collateral kills)
  A porcupine (Lair:4)
1 creature vanquished.

Vanquished Creatures (others)
  2 fungi
  7 plants
9 creatures vanquished.

Grand Total: 499 creatures vanquished

Notes
Turn   | Place    | Note
--------------------------------------------------------------
     0 | D:1      | raph the Merfolk Ice Elementalist began the quest for the Orb.
     0 | D:1      | Reached XP level 1. HP: 13/13 MP: 3/3
   320 | D:1      | Reached XP level 2. HP: 14/19 MP: 1/5
   401 | D:1      | Learned a level 2 spell: Throw Frost
   436 | D:1      | Found a glowing golden altar of the Shining One.
   919 | D:2      | Reached XP level 3. HP: 22/24 MP: 2/6
  1082 | D:2      | Found a blossoming altar of Fedhas.
  1146 | D:2      | Learned a level 3 spell: Ozocubu's Armour
  1646 | D:2      | Found a faded altar to an unknown god.
  2109 | D:3      | Reached skill level 1 in Polearms
  2109 | D:3      | Reached XP level 4. HP: 27/30 MP: 7/7
  2112 | D:3      | Reached skill level 1 in Charms
  2338 | D:3      | Reached skill level 5 in Ice Magic
  2377 | D:3      | Reached XP level 5. HP: 22/35 MP: 3/8
  2525 | D:3      | Reached skill level 2 in Polearms
  3039 | D:3      | Reached XP level 6. HP: 3/41 MP: 4/9
  3391 | D:3      | Reached skill level 3 in Polearms
  4040 | D:3      | Reached skill level 4 in Polearms
  4113 | D:3      | Reached XP level 7. HP: 43/46 MP: 3/10
  4766 | D:4      | Reached skill level 5 in Polearms
  4871 | D:4      | Found a staircase to the Ecumenical Temple.
  4879 | Temple   | Entered the Ecumenical Temple
  4986 | Temple   | Became a worshipper of Warmaster Okawaru
  5004 | D:4      | Noticed Sigmund
  5015 | D:4      | Killed Sigmund
  5015 | D:4      | Reached skill level 6 in Polearms
  5015 | D:4      | Reached XP level 8. HP: 43/53 MP: 1/11
  5251 | D:4      | Reached skill level 1 in Fighting
  5432 | D:4      | Reached skill level 7 in Polearms
  5601 | D:5      | Entered Level 5 of the Dungeon
  5753 | D:5      | Reached skill level 5 in Charms
  5756 | D:5      | Reached * piety under Okawaru
  5763 | D:5      | Learned a level 4 spell: Throw Icicle
  5871 | D:5      | Reached skill level 8 in Polearms
  5892 | D:5      | Reached skill level 1 in Conjurations
  6021 | D:5      | Found a radiant altar of Vehumet.
  6308 | D:5      | Found an oddly glowing altar of Pakellas.
  6308 | D:5      | Found a shadowy altar of Dithmenos.
  6309 | D:5      | Found a radiant altar of Vehumet.
  6337 | D:5      | Reached XP level 9. HP: 54/62 MP: 10/12
  6622 | D:6      | Reached skill level 9 in Polearms
  6710 | D:6      | Reached skill level 5 in Dodging
  6710 | D:6      | Reached skill level 1 in Invocations
  6938 | D:6      | Reached ** piety under Okawaru
  7870 | D:7      | Noticed Prince Ribbit
  7883 | D:7      | Killed Prince Ribbit
  8040 | D:7      | Found Mughuno's Jewellery Emporium.
  8096 | D:7      | Reached skill level 10 in Polearms
  8110 | D:7      | HP: 3/65 [orc priest/nerve-wracking pain (9)]
  8475 | D:7      | Reached XP level 10. HP: 37/73 MP: 13/13
  8489 | D:7      | Reached *** piety under Okawaru
  9252 | D:8      | Got an encrusted leather armour
  9263 | D:8      | Identified the +1 leather armour of Udyss {rElec} (You found it on level 8 of the Dungeon)
  9324 | D:8      | Reached skill level 11 in Polearms
  9828 | D:8      | Noticed Joseph
  9841 | D:8      | Killed Joseph
  9841 | D:8      | Reached skill level 1 in Armour
 10050 | D:8      | Reached **** piety under Okawaru
 10133 | D:8      | Reached skill level 5 in Fighting
 10156 | D:8      | Noticed a three-headed hydra
 10199 | D:8      | Killed a three-headed hydra
 10222 | D:8      | Reached skill level 12 in Polearms
 10628 | D:8      | Reached XP level 11. HP: 69/80 MP: 11/14
 10775 | D:8      | Reached ***** piety under Okawaru
 11516 | D:9      | Learned a level 4 spell: Summon Ice Beast
 11689 | D:9      | Reached skill level 5 in Invocations
 11790 | D:9      | Found a snail-covered altar of Cheibriados.
 11791 | D:9      | Found a white marble altar of Elyvilon.
 11921 | D:9      | Found a burning altar of Makhleb.
 11921 | D:9      | Found a glowing silver altar of Zin.
 11922 | D:9      | Noticed an angel
 11922 | D:9      | Noticed a green death
 11938 | D:9      | Got a pitted quarterstaff {freeze}
 11942 | D:9      | Identified the +3 quarterstaff of Sorud {freeze, -Tele rPois Int+4 Stlth+} (You took it off an orc on level 9 of the Dungeon)
 11964 | D:10     | Entered Level 10 of the Dungeon
 12010 | D:10     | Noticed Nergalle
 12077 | D:10     | Killed Nergalle
 12622 | D:7      | Bought the amulet of Vitality {Regen+ HP+15} for 555 gold pieces
 12917 | D:10     | Received a gift from Okawaru
 12918 | D:10     | Got a pair of twisted gloves {god gift}
 12924 | D:10     | Identified the +1 pair of gloves of Insatiable Hunger {Dex+2} (Okawaru gifted it to you on level 10 of the Dungeon)
 13038 | D:10     | Found Ekhir's Gadget Emporium.
 13164 | D:10     | Reached skill level 13 in Polearms
 13649 | D:11     | Noticed a manticore
 13659 | D:11     | Killed a manticore
 14230 | D:11     | Found a stormy altar of Qazlal.
 14241 | D:11     | Found a staircase to the Lair.
 14370 | D:11     | Noticed a brown ugly thing
 14403 | D:11     | Killed a brown ugly thing
 14846 | D:11     | Noticed a green ugly thing
 14880 | D:11     | Killed a green ugly thing
 14880 | D:11     | Reached XP level 12. HP: 39/89 MP: 4/16
 14886 | D:11     | Reached skill level 14 in Polearms
 15045 | D:11     | Reached skill level 10 in Ice Magic
 15452 | Lair:1   | Entered Level 1 of the Lair of Beasts
 15886 | Lair:1   | Noticed a seven-headed hydra
 15905 | Lair:1   | Killed a seven-headed hydra
 16821 | Lair:2   | Reached skill level 15 in Polearms
 16903 | Lair:2   | Reached skill level 10 in Dodging
 16956 | Lair:2   | Received a gift from Okawaru
 18333 | Lair:3   | Reached XP level 13. HP: 97/98 MP: 5/18
 18964 | Lair:3   | Found a staircase to the Swamp.
 19140 | Lair:3   | Found a hole to the Spider Nest.
 19670 | Lair:4   | Reached skill level 1 in Summonings
 19773 | Lair:4   | Reached ****** piety under Okawaru
 19805 | Lair:4   | Identified a +0 rod of clouds (9/9) (You found it on level 3 of the Lair of Beasts)
 20242 | Lair:3   | Reached skill level 16 in Polearms
 20803 | Lair:4   | Reached skill level 1 in Evocations
 21302 | Lair:5   | Noticed Maud
 21330 | Lair:5   | Killed Maud
 21604 | Lair:5   | Slain by a blink frog

Skill      XL: |  1  2  3  4  5  6  7  8  9 10 11 12 13 |
---------------+----------------------------------------+-----
Ice Magic      | 4 5 6 7 8 9 10 11 | 11.0
Polearms       | 1 2 4 6 8 10 12 13 15 16 | 16.2
Charms         | 1 2 3 4 5 |  5.0
Dodging        | 3 4 6 7 9 10 11 | 11.1
Fighting       | 2 4 5 6 8 9 |  9.0
Conjurations   | 1 2 3 4 |  4.1
Invocations    | 3 4 6 7 |  7.5
Armour         | 1 2 3 |  3.7
Spellcasting   | 3 4 |  4.3
Summonings     | 2 |  2.7
Evocations     | 2 |  2.6
Stealth        | |  2.5

Action                   |  1- 3 |  4- 6 |  7- 9 | 10-12 | 13-15 || total
-------------------------+-------+-------+-------+-------+-------++-------
Melee: Unarmed           |     4 |       |       |       |       ||     4
       Short sword       |     4 |       |       |       |       ||     4
       Halberd           |    13 |    43 |       |   622 |       ||   678
       Spear             |       |    44 |   252 |   400 |   559 ||  1255
       Tailslap          |       |     1 |       |       |       ||     1
       Punch             |       |       |       |     1 |     2 ||     3
       Quarterstaff      |       |       |       |       |     2 ||     2
 Cast: Freeze            |    42 |    57 |   110 |   137 |    80 ||   426
       Throw Frost       |    10 |    19 |    75 |   100 |    37 ||   241
       Ozocubu's Armour  |       |    12 |    32 |    67 |    30 ||   141
       Throw Icicle      |       |       |       |    35 |     5 ||    40
       Summon Ice Beast  |       |       |       |       |     3 ||     3
Invok: Heroism           |       |       |     1 |     7 |     3 ||    11
       Finesse           |       |       |       |     2 |       ||     2
Evoke: Wand              |       |       |       |     8 |       ||     8
  Use: Scroll            |     9 |       |     9 |    13 |       ||    31
       Potion            |       |     2 |     1 |     2 |       ||     5
 Stab: Sleeping          |     3 |       |     4 |     9 |     3 ||    19
       Distracted        |       |       |       |       |     2 ||     2
  Eat: Chunk             |     5 |    10 |    22 |    37 |    12 ||    86
       Beef jerky        |       |       |     1 |     3 |     1 ||     5
       Meat ration       |       |       |       |     2 |     1 ||     3
       Pizza             |       |       |       |     7 |       ||     7
Armor: Robe              |    16 |    43 |    74 |   161 |       ||   294
       Leather armour    |       |       |       |    99 |   111 ||   210
Dodge: Dodged            |    57 |    72 |   212 |   687 |   376 ||  1404
